cohdb
Replays
Latest Replays
All Replays
Popular Replays
Top Player Replays
Match Explorer
How It Works
Community
CoH3 Stats
Reddit
Sign in to upload your games and track your stats! →
Sign in with Steam
Match 27507257
Unlisted
Match 27507257
Overview
Messages
Build Orders
End
Panzergrenadier Squad
Selects Italian Infantry
Panzergrenadier Squad
250 Light Carrier
Construct Light Support Kompanie
2.5-tonne Medical Truck
Fire Support Elements
MG34 Team
Selects Guastatori Squad
Guastatori Squad
Pak 38 Mechanized Group
Construct Panzerarmee Kommand
Panzer III L Medium Tank
Vehicle Survival Package
Panzer III L Medium Tank
Tungsten Core Ammunition
Panzer III L Medium Tank
Selects Registered Artillery
Selects Sound the Alarm
Selects Territory Booby Traps
Guastatori Squad
Armored Reserves
MMMMMMMMMMMM
Lakina
KORN
| PzKpfw | Grille Gustav
Ice-Hellion
Malmedy Peiper
0
0
Comments
sign in to comment!
No comments posted yet!